 Dungeon Crawl Stone Soup version 0.21-a0-196-g6a663c0 (webtiles) character file.

45 Jeffwins the Skirmisher (level 3, -6/39 HPs)
             Began as an Ogre Fighter on Aug 16, 2017.
             Mangled by a worm (11 damage)
             ... on level 2 of the Dungeon.
             The game lasted 00:02:28 (1647 turns).

Jeffwins the Skirmisher (Ogre Fighter)              Turns: 1647, Time: 00:02:29

Health: -6/39      AC:  3    Str: 20    XL:     3   Next: 64%
Magic:  3/3        EV:  5    Int: 10    God:
Gold:   73         SH:  8    Dex:  8    Spells: 2/2 levels left

rFire    . . .     SeeInvis .   a - +0 trident
rCold    . . .     Gourm    .   c - +0 shield
rNeg     + . .     Faith    .   b - +0 robe
rPois    .         Spirit   .   (helmet restricted)
rElec    .         Reflect  .   (no cloak)
rCorr    .         Harm     .   (gloves unavailable)
MR       .....                  (boots unavailable)
Stlth    +.........             (no amulet)
HPRegen  0.13/turn              n - ring of positive energy
MPRegen  0.08/turn              o - -3 ring of evasion (curse)

@: no status effects
A: unfitting armour, tough skin 1
a: no special abilities


You were on level 2 of the Dungeon.
You were not hungry.

You visited 1 branch of the dungeon, and saw 2 of its levels.

You collected 73 gold pieces.

Inventory:

Hand Weapons
 a - a +0 trident (weapon)
Missiles
 s - 45 stones (quivered)
 t - 7 tomahawks
 v - 16 poisoned needles
Armour
 b - a +0 robe (worn)
 c - a +0 shield (worn)
Jewellery
 n - a ring of positive energy (left hand)
 o - a cursed -3 ring of evasion (right hand)
 w - a +3 ring of protection {unknown}
Scrolls
 e - a scroll of random uselessness {unknown}
 g - 2 scrolls of recharging {unknown}
 i - 5 scrolls of remove curse {unknown}
 k - 2 scrolls of identify {unknown}
 p - a scroll of noise {unknown}
 r - a scroll of blinking {unknown}
 u - a scroll of immolation {unknown}
 x - a scroll of amnesia {unknown}
Potions
 d - a potion of might
 h - a potion of experience {unknown}
 j - a potion of flight {unknown}
 l - a potion of degeneration {unknown}
 q - a potion of curing {unknown}
Comestibles
 f - 2 bread rations


   Skills:
 - Level 4.0 Fighting
 + Level 3.9 Polearms
 - Level 2.6 Dodging
 - Level 2.6 Shields


You had 2 spell levels left.
You didn't know any spells.

Dungeon Overview and Level Annotations

Branches:
Dungeon (2/15)

Altars:
Trog


Innate Abilities, Weirdness & Mutations

You are too large for most types of armour.
You have tough skin. (AC +1)


Message History

* * * LOW HITPOINT WARNING * * *
Attack whom?
Press: ? - help, Dir - move target cursor, f/p - worm
Aim: a worm (moderately wounded)
You hit the worm.
The worm is heavily wounded.
Attack whom?
Press: ? - help, Dir - move target cursor, f/p - worm
Aim: a worm (heavily wounded)
You hit the worm.
The worm is severely wounded.
The worm bites you.
* * * LOW HITPOINT WARNING * * *
Attack whom?
Press: ? - help, Dir - move target cursor, f/p - worm
Aim: a worm (severely wounded)
You barely miss the worm.
The worm is severely wounded.
The worm bites you!
You die...

.........#.#
#.#
#.....####.#
#.# ..#...#
#.# #.#
.##...####.#
#.# .
##.......# #.#
#######.# #.##
#.# #.#.##
#.#..###.#
.#########.#.#
#@##
...........#.
#..w.#
######.####
####.# #.# ..#
#.# .# #.# .#
##.## . ##...#
.# #####....#


You could see a worm.

Vanquished Creatures
  2 leopard geckos (D:1)
  A ball python (D:1)
  6 bats
  4 giant cockroaches
  9 goblins
  4 hobgoblins
  A quokka (D:2)
  2 frilled lizards
  3 kobolds (D:1)
  7 rats
  2 toadstools (D:1)
41 creatures vanquished.

Vanquished Creatures (others)
  2 toadstools (D:1)
2 creatures vanquished.

Grand Total: 43 creatures vanquished

Notes
Turn   | Place    | Note
-------+----------+-------------------------------------------
     0 | D:1      | Jeffwins the Ogre Fighter began the quest for the Orb.
     0 | D:1      | Reached XP level 1. HP: 24/24 MP: 1/1
   246 | D:1      | Reached XP level 2. HP: 23/32 MP: 2/2
   932 | D:1      | Reached XP level 3. HP: 19/39 MP: 3/3
  1491 | D:2      | Found a bloodstained altar of Trog.
  1647 | D:2      | Mangled by a worm

Vault maps used:
D:1:      ldierk_water_garden
D:2:      grunt_temple_overflow_diamond, first_bread, trog_book

Skill      XL: |  1  2 |
---------------+-------+-----
Polearms       | 3 |  3.9
Fighting       | |  4.0
Dodging        | |  2.6
Shields        | |  2.6

Action                   || total
-------------------------++-------
Melee: Trident           ||   181
 Stab: Sleeping          ||     1
  Eat: Chunk             ||     3
Armor: Robe              ||    48
Dodge: Dodged            ||    53
Block: Shield            ||    68
